 Dungeon Crawl Stone Soup version 0.28.0 (webtiles) character file.

Game seed: 14624725622939381989

46 arthad the Covered (level 3, 0/24 HPs)
             Began as a Gargoyle Fighter on Feb 13, 2022.
             Slain by a gnoll (10 damage)
             ... on level 2 of the Dungeon.
             The game lasted 00:02:11 (1430 turns).

arthad the Covered (Gargoyle Fighter)               Turns: 1430, Time: 00:02:12

Health: 0/24       AC: 10    Str: 21    XL:     3   Next: 68%
Magic:  3/3        EV:  9    Int:  8    God:
Gold:   84         SH:  4    Dex:  9    Spells: 2/2 levels left

rFire   . . .      SeeInvis .   a - +0 war axe
rCold   . . .      Faith    .   c - +0 buckler
rNeg    + . .      Spirit   .   b - +0 scale mail
rPois   ∞          Reflect  .   (no helmet)
rElec   +          Harm     .   f - scarf {+Inv}
rCorr   .          Rampage  .   (no gloves)
Will    .....                   (no boots)
Stlth   ..........              (no amulet)
HPRegen 0.08/turn               (no ring)
MPRegen 0.08/turn               (no ring)

@: no status effects
A: sickness immunity, AC +3, negative energy resistance 1, electricity
resistance, torment resistance 1, petrification resistance
a: Evoke Invisibility


You were on level 2 of the Dungeon.
You visited 1 branch of the dungeon, and saw 2 of its levels.

You collected 84 gold pieces.

Inventory:

Hand Weapons
 a - a +0 war axe (weapon)
Armour
 b - a +0 scale mail (worn)
 c - a +0 buckler (worn)
 f - a scarf of invisibility (worn)
Jewellery
 i - an amulet of guardian spirit
Wands
 h - a wand of polymorph (11)
Potions
 d - a potion of might
 e - 3 potions of heal wounds {unknown}
 g - a potion of flight {unknown}


   Skills:
 + Level 3.7 Fighting
 + Level 2.3 Axes
 + Level 3.8 Armour
 + Level 3.7 Shields


You had 2 spell levels left.
You didn't know any spells.
Your spell library contained the following spells:

 Spells                   Type           Power      Damage    Failure   Level
 Inner Flame              Hex/Fire       0%         N/A       99%         3
 Cause Fear               Hex            0%         N/A       100%        4
 Discord                  Hex            0%         N/A       100%        8


Dungeon Overview and Level Annotations

Branches:
Dungeon (2/15)

Altars:
Beogh


Innate Abilities, Weirdness & Mutations

You are immune to sickness and miasma.
Your stone body is resilient. (AC +3)
You are immune to poison.
You resist negative energy. (rN+)
You are resistant to electric shocks. (rElec)
You are resistant to unholy torment.
You are immune to petrification.


Message History

There is an open door here.
There is an escape hatch in the floor here.
You slide downwards.
The hatch slams shut behind you.
You see here a frilled lizard skeleton.
Found a stone staircase leading down.
There is a stone staircase leading down here.
Found a stone staircase leading up.
There is a stone staircase leading up here.
Found an escape hatch in the ceiling.
There is an escape hatch in the ceiling here.
Found a spear.
You see here a +0 spear.
A gnoll comes into view. It is wielding a +0 spear.
The gnoll shouts!
A gnoll is nearby! 2 gnolls come into view.
The gnoll shouts!
A gnoll comes into view. It is wielding a +0 flail.
The gnoll shouts!
The gnoll hits you from afar with a +0 spear.
The gnoll hits you with a +0 spear.
You closely miss the gnoll. The gnoll barely misses you.
The gnoll hits you with a +0 spear. The gnoll closely misses you.
You hit the gnoll.
The gnoll is moderately wounded.
You barely miss the gnoll. You block the gnoll's attack.
The gnoll hits you but does no damage. The gnoll barely misses you.
You slash the gnoll!
You kill the gnoll!
You barely miss the gnoll. You slash the gnoll!
The gnoll hits you with a +0 spear. The gnoll barely misses you.
The gnoll hits you from afar with a +0 halberd.
You block the gnoll's attack.
You hit the gnoll but do no damage.
The gnoll is severely wounded.
You hit the gnoll. The gnoll barely misses you.
The gnoll hits you from afar with a +0 halberd.
You block the gnoll's attack. The gnoll closely misses you.
The gnoll hits you with a +0 flail!
You die...

#.# ... #.# ... # #.#
#.# .# # #.# # #.# .#
.## #.# #. #.####.#...#
#.# .###.##........# .
#)# #..........)gg#...#
#.# #.###.#....@g....#
#.#
#.....#.#############.#
####..................#
........###############
#########


You could see 3 gnolls.

Vanquished Creatures
  A gnoll (D:2)
  A worm (D:2)
  2 dart slugs (D:1)
  2 ball pythons (D:1)
  An endoplasm (D:1)
  4 giant cockroaches
  2 goblins (D:2)
  3 hobgoblins (D:1)
  3 jackals (D:2)
  A quokka (D:2)
  2 frilled lizards
  3 kobolds
  2 rats (D:1)
27 creatures vanquished.

Notes
Turn   | Place    | Note
-------+----------+-------------------------------------------
     0 | D:1      | arthad the Gargoyle Fighter began the quest for the Orb.
     0 | D:1      | Reached XP level 1. HP: 14/14 MP: 1/1
   326 | D:1      | Reached XP level 2. HP: 16/19 MP: 2/2
   548 | D:1      | Found a faded altar of an unknown god.
   856 | D:2      | Reached XP level 3. HP: 23/23 MP: 3/3
  1430 | D:2      | Slain by a gnoll

Illustrated notes

Levels and vault maps discovered:
D:1:      dpeg_arrival_connections, layout_loops_ring,
          hellmonk_ecumenical_altar_defaced_shrine
D:2:      layout_loops_ring, minmay_misc_feat_square, minivault_25

Skill      XL: |  1 |
---------------+----+-----
Axes           | 2 |  2.3
Fighting       | |  3.7
Armour         | |  3.8
Shields        | |  3.7

Action                   || total
-------------------------++-------
Melee: War axe           ||    58
Armor: Scale mail        ||    29
Dodge: Dodged            ||    33
Block: Buckler           ||    16
